 Dungeon Crawl Stone Soup version 0.29.1-1-gd02db6906a (webtiles) character file.

Game seed: 1949610828419346578

68376 Brecoman the Grappler (level 14, -5/118 HPs)
             Began as a Demonspawn Abyssal Knight on Sept 30, 2022.
             Was a Priest of Lugonu.
             Killed from afar by an eleionoma (39 damage)
             ... with a spray of wooden splinters
             ... on level 2 of the Swamp on Oct 2, 2022.
             The game lasted 02:06:09 (36455 turns).

Brecoman the Grappler (Demonspawn Abyssal Knight)  Turns: 36455, Time: 02:06:10

Health: -5/118     AC: 17    Str: 19    XL:     14   Next: 86%
Magic:  0/23       EV:  9    Int: 12    God:    Lugonu [***...]
Gold:   981        SH: 13    Dex: 16    Spells: 13/13 levels left

rFire   . . .      SeeInvis .     - Unarmed
rCold   + + .      Faith    .   y - +2 buckler
rNeg    + + .      Spirit   +   H - +1 chain mail "Tuahow" {-Cast rPois rC+++ rCorr}
rPois   +          Reflect  +   q - +2 hat
rElec   +          Harm     .   e - scarf {shadows}
rCorr   +          Rampage  .   (gloves unavailable)
Will    ++...      NoCast   +   D - +2 pair of boots
Stlth   ..........              d - amulet of reflection
HPRegen 0.29/turn               Q - ring of flight
MPRegen 0.36/turn               k - ring "Vuciush" {rElec rC- rN++ Will+ Dex+3}

@: flying
A: antennae 2, claws 3, magic shield, magic regeneration, weakness stinger 1
a: Renounce Religion, Depart the Abyss, Bend Space, Banish


You were on level 2 of the Swamp.
You worshipped Lugonu.
Lugonu was most pleased with you.
You visited 5 branches of the dungeon, and saw 21 of its levels.
You visited the Abyss 1 time.
You visited 1 bazaar.
You also visited: Ossuary and Bailey.

You collected 2453 gold pieces.
You spent 1472 gold pieces at shops.

Inventory:

Missiles
 l - 23 poisoned darts (quivered)
 N - 6 throwing nets
Armour
 e - a scarf of shadows (worn)
 q - a +2 hat (worn)
 y - a +2 buckler (worn)
 D - a +2 pair of boots (worn)
 H - the +1 chain mail "Tuahow" (worn) {-Cast rPois rC+++ rCorr}
   (You found it on level 5 of the Lair of Beasts)

   rC:        It renders you almost immune to cold.
   rPois:     It protects you from poison.
   -Cast:     It prevents spellcasting.
   rCorr:     It protects you from acid and corrosion.
 Y - the +6 chain mail of the Elven Halls {rC+}
   (You found it on level 3 of the Lair of Beasts)

   rC:        It protects you from cold.
Jewellery
 d - an amulet of reflection (around neck)
 j - a +4 ring of evasion
 k - the ring "Vuciush" (right claw) {rElec rC- rN++ Will+ Dex+3}
   (You bought it in a shop in a bazaar)

   [ring of willpower]

   Dex:       It affects your dexterity (+3).
   rC:        It makes you vulnerable to cold.
   rElec:     It insulates you from electricity.
   rN:        It greatly protects you from negative energy.
   Will:      It increases your willpower.
 A - a +4 ring of evasion
 P - a ring of positive energy
 Q - a ring of flight (left claw)
Wands
 n - a wand of roots (32)
 v - a wand of flame (16)
 x - a wand of polymorph (6)
 z - a wand of digging (12)
 E - a wand of quicksilver (9)
 F - a wand of mindburst (5)
 I - a wand of charming (2)
Scrolls
 c - 8 scrolls of fear
 f - 14 scrolls of teleportation
 g - 5 scrolls of identify
 m - 2 scrolls of magic mapping
 t - 4 scrolls of butterflies
 w - 9 scrolls of poison
 O - a scroll of blinking
 T - a scroll of summoning
 U - 3 scrolls of enchant armour
 V - a scroll of enchant weapon
 W - a scroll of torment
Potions
 b - 2 potions of attraction
 h - 2 potions of magic
 i - 4 potions of cancellation
 o - 4 potions of mutation
 p - 2 potions of ambrosia
 r - a potion of invisibility
 s - 6 potions of curing
 u - a potion of flight
 B - a potion of brilliance
 C - 5 potions of haste
 J - 2 potions of resistance
 K - a potion of heal wounds
 L - 3 potions of might
 S - a potion of lignification
 X - a potion of berserk rage
Miscellaneous
 a - a phantom mirror
 M - a lightning rod (4/4)
 R - a phantom mirror
 Z - a phantom mirror


   Skills:
 + Level 13.0 Fighting
 - Level 2.2 Long Blades
 + Level 9.6 Armour
 + Level 3.5 Dodging
 - Level 8.1 Shields
 + Level 13.4 Unarmed Combat
 - Level 12.0 Invocations
 + Level 8.8 Evocations


You had 13 spell levels left.
You didn't know any spells.
Your spell library contained the following spells:

 Spells                   Type           Power      Damage    Failure   Level
 Beastly Appendage        Tmut           0%         N/A       97%         1
 Freeze                   Ice            0%         1d3       97%         1
 Magic Dart               Conj           0%         1d3       97%         1
 Slow                     Hex            0%         N/A       97%         1
 Blink                    Tloc           0%         N/A       99%         2
 Searing Ray              Conj           0%         2d4       99%         2
 Wereblood                Tmut           0%         N/A       99%         2
 Call Canine Familiar     Summ           0%         N/A       100%        3
 Confusing Touch          Hex            0%         N/A       100%        3
 Frozen Ramparts          Ice            0%         1d1       100%        3
 Lesser Beckoning         Tloc           0%         N/A       100%        3
 Portal Projectile        Hex/Tloc       0%         N/A       100%        3
 Spider Form              Tmut/Pois      0%         N/A       100%        3
 Airstrike                Air            0%         2d(0-16)  100%        4
 Fulminant Prism          Conj/Hex       0%         3d6       100%        4
 Hailstorm                Conj/Ice       0%         3d3       100%        4
 Leda's Liquefaction      Hex/Erth       0%         N/A       100%        4
 Summon Lightning Spire   Summ/Air       0%         N/A       100%        4
 Fireball                 Conj/Fire      0%         3d3       100%        5
 Freezing Cloud           Conj/Ice/Air   0%         6-21      100%        5
 Iskenderun's Battlesphe  Conj           0%         2d6       100%        5
 Lee's Rapid Deconstruct  Erth           0%         3d5*      100%        5
 Lightning Bolt           Conj/Air       0%         1d11      100%        5
 Manifold Assault         Tloc           0%         N/A       100%        5
 Yara's Violent Unravell  Hex/Tmut       0%         3d3       100%        5
 Conjure Ball Lightning   Conj/Air       0%         3x3d6     100%        6
 Simulacrum               Ice/Necr       0%         N/A       100%        6
 Statue Form              Tmut/Erth      0%         N/A       100%        6
 Enfeeble                 Hex            0%         N/A       100%        7
 Malign Gateway           Summ/Tloc      0%         N/A       100%        7
 Orb of Destruction       Conj           0%         9d5       100%        7
 Discord                  Hex            0%         N/A       100%        8
 Polar Vortex             Ice            0%         N/A       100%        9


Dungeon Overview and Level Annotations

Branches:
Dungeon (11/15)            Temple (1/1) D:4            Lair (5/5) D:10
  Swamp (2/4) Lair:3       Spider (0/4) Lair:3        Slime (0/5) Lair:5
    Orc (2/2) D:9             Elf (0/3) Orc:2       Ossuary (visited)
 Bailey (visited)

Altars:
Ashenzari
Cheibriados
Dithmenos
Fedhas
Gozag
Hepliaklqana
Kikubaaqudgha
Makhleb
Nemelex Xobeh
Okawaru
Qazlal
Ru
Sif Muna
Trog
Uskayaw
Vehumet
Wu Jian
Xom
Yredelemnul
Jiyva

Shops:
D:7 :   Orc:2 ?![*

Annotations:
Lair:1 3 runed translucent doors, mefisto's ghost, journeyman DEIE
Lair:2 exclusion: oklob plant
Swamp:1 2 transporters, exclusion: obsidian statue, Roxanne
Orc:1 3 runed translucent doors, LabCoat's ghost, journeyman HOFi
Orc:2 corrupted
Abyss:1 Urug


Innate Abilities, Weirdness & Mutations

You have a pair of antennae on your head.
You have claws for hands.
When hurt, damage is shared between your health and your magic reserves.
You regenerate magic rapidly.
You have a small tail.


Message History

The tentacled monstrosity tentacle-slaps you.
* * * LOW HITPOINT WARNING * * *
The tentacled monstrosity tentacle-slaps you!
* * * LOW HITPOINT WARNING * * *
The tentacled monstrosity tentacle-slaps you but does no damage.
The tentacled monstrosity constricts you!
* * * LOW HITPOINT WARNING * * *
You feel much better.
The grasping roots constrict the tentacled monstrosity!
An eleionoma comes into view.
The tentacled monstrosity tentacle-slaps you but does no damage. x2
You block the tentacled monstrosity's attack.
The tentacled monstrosity constricts you.
* * * LOW HITPOINT WARNING * * *
Aiming: Quicksilver Bolt
Press: ? - help, Shift-Dir - straight line, f/p - tentacled monstrosity
Aim: a tentacled monstrosity (heavily wounded, constricting you, constricted by roots, 100% to hit)
The bolt of dispelling energy hits the tentacled monstrosity!!
The tentacled monstrosity is heavily wounded.
The grasping roots constrict the tentacled monstrosity!
The roots release their grip on the tentacled monstrosity.
The tentacled monstrosity tentacle-slaps you but does no damage.
You block the tentacled monstrosity's attack.
The tentacled monstrosity barely misses you.
The tentacled monstrosity constricts you.
* * * LOW HITPOINT WARNING * * *
The eleionoma flows through the trees.
Space bends violently around you!
The tentacled monstrosity's grasp on you weakens, but your attempt to escape fails.
The tentacled monstrosity blinks!
The tentacled monstrosity loses its grip on you.
The eleionoma blinks!
The eleionoma flows through the trees.
The eleionoma hits you but does no damage.
You feel a little less mighty now. The eleionoma attacks as you move away!
You block the eleionoma's attack.
Items here: ! ) [[.
The eleionoma hurls a spray of splinters at you.
The spray of wooden splinters hits you!!!
You die...

♣♣.♣..~.~...♣♣♣~.♣.~~..~♣
♣♣~.~....~...~.♣~♣..~♣~~♣♣
♣.~~~...~......§.~..♣.~~♣
.♣.~..~..~....~♣.♣.♣~♣.♣♣
.†.~†~......~~♣♣♣♣♣~§...♣
~..~~..~..~~~~.♣♣♣♣X.♣~♣♣♣♣
~.~~.~~.~.~§.~.♣.♣R.†..♣.~♣
#♣#♣.♣#♣♣#♣♣#.~..)♣.~.~.~~♣
♣.♣ v. ♣...@♣♣...~~..♣♣ ♣)♣
.v♣ #.§§.♣♣....~...~ ♣.♣
..♣ ♣~§..♣.~.$~~~~~.
♣♣♣♣.♣.§♣♣.
♣...~~~~.~..~...
.i.....§..♣
♣~♣~.♣~♣♣~....~~
#♣♣♣~♣#♣♣##
##♣♣♣♣♣~.~~♣.... ♣.♣
~~..♣~... .♣. ~.~~ ..~ # #
.~


You could see a tentacled monstrosity and an eleionoma.

Vanquished Creatures
  A fenstrider witch (Swamp:2)
  Louise (Swamp:2)
  A ghoul (Swamp:1)
  3 eleionomae
  3 hydras
  Harold (D:8)
  A centaur warrior (D:10)
  3 alligators
  A merfolk avatar (Lair:5)
  An orc high priest (Orc:2)
  3 goliath frogs
  2 swamp dragons
  3 orc knights (Orc:1)
  A lindwurm (Lair:5)
  Pikel (D:6)
  3 bog bodies
  A harpy (Lair:4)
  A deep elf pyromancer (Orc:2)
  2 deep elf zephyrmancers (Orc:2)
  A cyclops (Orc:2)
  2 orc sorcerers
  3 elephants
  An oklob plant (Lair:3)
  3 will-o-the-wisps
  4 black mambas
  5 cane toads
  A torpor snail (Lair:1)
  7 rime drakes
  10 komodo dragons
  A kobold demonologist (D:9)
  2 polar bears (Lair:5)
  3 trolls
  A wind drake (Lair:5)
  2 tyrant leeches (Swamp:1)
  6 hornets
  13 blink frogs
  6 dream sheep (Lair:5)
  A jumping spider (Lair:3)
  3 spriggans
  A shadow (D:9)
  55 yaks
  2 wraiths
  2 basilisks
  2 wyverns
  A steam dragon (Lair:5)
  3 wargs
  9 swamp worms
  An acid dragon (D:10)
  10 water moccasins
  Duvessa (D:7)
  2 swamp drakes (Lair:4)
  20 orc warriors
  2 ice beasts (D:7)
  5 black bears
  3 ogres (Orc:1)
  A centaur (D:10)
  11 wolves
  2 lemures (D:6)
  2 kobold brigands
  A phantom (D:5)
  18 bullfrogs
  Dowan (D:7)
  7 wights
  7 killer bees
  7 wolf zombies (Bailey)
  11 electric eels
  6 vampire bats (Bailey)
  3 howler monkeys
  4 hounds
  A gnoll bouda (D:5)
  2 jellies
  10 orc priests
  4 iguanas
  14 orc wizards
  8 mummies
  7 gnolls
  3 adders
  A white imp (D:8)
  An ufetubus (D:6)
  3 worms
  A dart slug (D:1)
  65 orcs
  3 ball pythons
  9 endoplasms
  7 giant cockroaches
  3 goblins
  4 hobgoblins
  6 quokkas
  8 bats
  5 frilled lizards
  A hobgoblin zombie (Ossuary)
  13 kobolds
  4 kobold zombies (Ossuary)
  20 orc zombies
  5 rats
516 creatures vanquished.

Vanquished Creatures (others)
  2 orc high priests (Orc:2)
  3 deep elf zephyrmancers (Orc:2)
  3 orc knights (Orc:2)
  4 deep elf pyromancers (Orc:2)
  A cyclops (Orc:2)
  4 orc sorcerers (Orc:2)
  A bloated husk (Swamp:1)
  5 orc warriors (Orc:2)
  4 orc priests (Orc:2)
  5 orc wizards
  11 orcs
  20 foxfires
  32 fungi
  99 plants
  2 starspawn tentacles (Orc:2)
196 creatures vanquished.

Grand Total: 712 creatures vanquished

Notes
Turn   | Place    | Note
-------+----------+-------------------------------------------
     0 | Abyss:1  | Brecoman the Demonspawn Abyssal Knight began the quest for
                  | the Orb.
     0 | Abyss:1  | Reached XP level 1. HP: 18/18 MP: 2/2
     1 | D:1      | Escaped the Abyss
   127 | D:1      | Reached skill level 1 in Dodging
   236 | D:1      | Discovered your monstrous ancestry.
   236 | D:1      | Gained mutation: You have sharp fingernails. [demonic
                  | ancestry]
   236 | D:1      | Reached XP level 2. HP: 20/24 MP: 4/4
   950 | D:2      | Gained mutation: You have very sharp fingernails. [demonic
                  | ancestry]
   950 | D:2      | Reached XP level 3. HP: 29/29 MP: 5/5
   965 | D:2      | Reached *** piety under Lugonu
  1513 | D:2      | Found a shimmering altar of Xom.
  1912 | D:2      | Reached skill level 1 in Unarmed Combat
  2014 | D:2      | Gained mutation: You have a pair of small antennae on your
                  | head. [demonic ancestry]
  2014 | D:2      | Reached XP level 4. HP: 36/36 MP: 6/6
  2474 | D:3      | Found a shadowy altar of Dithmenos.
  2560 | D:3      | Found a faded altar of an unknown god.
  3437 | D:4      | Found a sand-covered staircase.
  3446 | Ossuary  | Entered an ossuary
  3459 | Ossuary  | Reached XP level 5. HP: 41/42 MP: 7/7
  4058 | D:3      | Gained mutation: You have a small tail. [demonic ancestry]
  4058 | D:3      | Reached XP level 6. HP: 18/48 MP: 9/9
  4471 | D:4      | Identified the +0 leather armour of the Shining Light {rF-
                  | rC+ Int+4}
  4567 | D:4      | Found a staircase to the Ecumenical Temple.
  5126 | D:4      | Found a snail-covered altar of Cheibriados.
  5321 | D:4      | Reached **** piety under Lugonu
  5803 | Temple   | Entered the Ecumenical Temple
  5967 | D:5      | Entered Level 5 of the Dungeon
  6081 | D:4      | Reached XP level 7. HP: 31/55 MP: 10/10
  6232 | D:4      | Reached skill level 5 in Invocations
  6363 | D:5      | Reached skill level 5 in Fighting
  6653 | D:5      | Found a stormy altar of Qazlal.
  8132 | D:5      | Reached skill level 5 in Unarmed Combat
  8212 | D:6      | Reached XP level 8. HP: 63/63 MP: 12/12
  8689 | D:6      | Found a shimmering blue altar of Sif Muna.
  9473 | D:7      | Noticed Pikel
  9473 | D:7      | Found an ornate altar of the Wu Jian Council.
  9527 | D:6      | Killed Pikel
  9528 | D:6      | Gained mutation: You regenerate magic rapidly. [demonic
                  | ancestry]
  9528 | D:6      | Reached XP level 9. HP: 28/71 MP: 14/14
  9777 | D:7      | Noticed Duvessa
  9785 | D:7      | Noticed Dowan
  9786 | D:7      | Killed Duvessa
  9797 | D:7      | Killed Dowan
  9870 | D:7      | Found Nixtai's Book Boutique.
 10664 | D:7      | Found a sparkling altar of Nemelex Xobeh.
 10820 | D:7      | Found a sacrificial altar of Ru.
 11224 | D:8      | Found a flagged portal.
 11225 | D:8      | Noticed a two-headed ogre
 11227 | D:8      | Banished a two-headed ogre
 11228 | D:8      | Reached XP level 10. HP: 77/80 MP: 12/17
 11234 | Bailey   | Entered a bailey
 11515 | Bailey   | Noticed a gargoyle
 11520 | Bailey   | Banished a gargoyle
 11521 | Bailey   | Reached skill level 10 in Invocations
 12022 | Bailey   | Identified the +3 leather armour of Tevvob {Str+7}
 12193 | D:8      | Found a blossoming altar of Fedhas.
 12539 | D:8      | Found a basalt altar of Yredelemnul.
 12696 | D:9      | Noticed Harold
 12742 | D:8      | Killed Harold
 12743 | D:8      | Reached skill level 10 in Unarmed Combat
 13070 | D:9      | Noticed an orange demon
 13679 | D:9      | Found a staircase to the Orcish Mines.
 13703 | D:9      | Reached skill level 1 in Shields
 13712 | D:9      | Gained mutation: You have a pair of antennae on your head.
                  | [demonic ancestry]
 13712 | D:9      | Reached XP level 11. HP: 81/89 MP: 19/19
 14222 | D:10     | Entered Level 10 of the Dungeon
 14385 | D:10     | Found a burning altar of Makhleb.
 14863 | D:10     | Noticed a centaur warrior
 14876 | D:10     | Killed a centaur warrior
 15110 | D:10     | Noticed a two-headed ogre
 15111 | D:10     | Banished a two-headed ogre
 15416 | D:10     | Found a staircase to the Lair.
 16912 | Lair:1   | Entered Level 1 of the Lair of Beasts
 17305 | D:10     | Reached skill level 5 in Armour
 17459 | D:10     | Reached skill level 1 in Evocations
 17608 | D:10     | Reached skill level 10 in Fighting
 18168 | Lair:1   | Noticed mefisto's ghost (journeyman DEIE)
 18168 | Lair:1   | Noticed a minotaur
 18201 | Lair:1   | Found a runed translucent gate.
 18201 | Lair:1   | Found a runed translucent gate.
 18201 | Lair:1   | Found a runed translucent gate.
 18363 | Lair:1   | Reached XP level 12. HP: 63/97 MP: 21/21
 19917 | Lair:2   | Noticed Urug
 21099 | Lair:2   | Banished Urug
 21807 | Lair:3   | Noticed a four-headed hydra
 21818 | Lair:2   | Killed a four-headed hydra
 21819 | Lair:2   | Reached skill level 5 in Shields
 22038 | Lair:3   | Noticed a six-headed hydra
 22054 | Lair:2   | Killed a six-headed hydra
 22798 | Lair:3   | Got Sif Muna's Almanac of Enchantment and Leadership
 22981 | Lair:3   | Noticed a catoblepas
 23009 | Lair:3   | Banished a catoblepas
 23260 | Lair:3   | Found a hole to the Spider Nest.
 23451 | Lair:3   | Found a staircase to the Swamp.
 23909 | Lair:3   | Reached skill level 5 in Evocations
 24076 | Lair:3   | Identified the +6 chain mail of the Elven Halls {rC+}
 24281 | Lair:3   | Gained mutation: You have claws for hands. [demonic
                  | ancestry]
 24281 | Lair:3   | Reached XP level 13. HP: 94/106 MP: 22/22
 26245 | Lair:4   | Identified the +4 dagger "Nahats" {vorpal, rElec}
 26580 | Lair:5   | Entered Level 5 of the Lair of Beasts
 26595 | Lair:4   | Paralysed by a hornet for 2 turns
 27817 | Lair:5   | Found a viscous altar of Jiyva.
 27818 | Lair:5   | Found a staircase to the Slime Pits.
 28740 | Lair:5   | Identified the +1 chain mail "Tuahow" {-Cast rPois rC+++
                  | rCorr}
 28869 | Lair:5   | Gained mutation: When hurt, damage is shared between your
                  | health and your magic reserves. [demonic ancestry]
 28869 | Lair:5   | Reached XP level 14. HP: 113/115 MP: 23/23
 29548 | Orc:1    | Entered Level 1 of the Orcish Mines
 30434 | Orc:2    | Entered Level 2 of the Orcish Mines
 30976 | Orc:2    | Found a staircase to the Elven Halls.
 31403 | Orc:2    | Corrupted Orc:2
 31403 | Orc:2    | Noticed a starcursed mass
 31403 | Orc:2    | Noticed a starcursed mass
 31403 | Orc:2    | Noticed a profane servitor
 31408 | Orc:2    | Noticed a starcursed mass
 31424 | Orc:2    | Noticed a starcursed mass
 31484 | Orc:2    | Found Lenohus's Magic Scroll Boutique.
 31486 | Orc:2    | Found Emual's Assorted Antiques.
 31486 | Orc:2    | Found Imurricesh's Distillery.
 31486 | Orc:2    | Found Jugrilaq's Antique Armour Emporium.
 31500 | Orc:2    | Bought a runed scarf for 200 gold pieces
 31940 | Orc:2    | Found a gateway to a bazaar.
 32280 | Bazaar   | Entered a bazaar
 32294 | Bazaar   | Found Coekics's Antique Weapon Boutique.
 32305 | Bazaar   | Found Pomohiu's Book Boutique.
 32310 | Bazaar   | Found Beja's Jewellery Shop.
 32313 | Bazaar   | Found Tal Ysach's Book Emporium.
 32327 | Bazaar   | Bought a +4 ring of evasion for 540 gold pieces
 32327 | Bazaar   | Bought the ring "Vuciush" {rElec rC- rN++ Will+ Dex+3} for
                  | 732 gold pieces
 32618 | Orc:1    | Found a runed translucent gate.
 32618 | Orc:1    | Found a runed translucent gate.
 32618 | Orc:1    | Found a runed translucent gate.
 32622 | Orc:1    | Noticed LabCoat's ghost (journeyman HOFi)
 33241 | Swamp:1  | Entered Level 1 of the Swamp
 33593 | Swamp:1  | Found a transporter.
 33625 | Swamp:1  | Noticed Roxanne
 34047 | Swamp:1  | Noticed a fenstrider witch
 34047 | Swamp:1  | Noticed a fenstrider witch
 34930 | Swamp:1  | Identified the +3 hand axe of Dithmenos, Bespelling {spect,
                  | rElec rF- Str+3 Int+4}
 34931 | Swamp:1  | Noticed a fenstrider witch
 34932 | Swamp:1  | Noticed a tentacled monstrosity
 34933 | Swamp:1  | Noticed a ghoul
 34939 | Swamp:1  | Found a transporter.
 34946 | Swamp:1  | Found the +2 hat of the Bear Spirit {Spirit, *Rage Will++}
 35343 | Swamp:2  | Noticed a ghoul
 35610 | Swamp:1  | Killed a ghoul
 36094 | Swamp:2  | Noticed a fenstrider witch
 36095 | Swamp:2  | Paralysed by a fenstrider witch for 4 turns
 36106 | Swamp:2  | Killed a fenstrider witch
 36389 | Swamp:2  | Noticed Louise
 36403 | Swamp:2  | Noticed a tentacled monstrosity
 36428 | Swamp:2  | Killed Louise
 36455 | Swamp:2  | Killed from afar by an eleionoma

Illustrated notes

Levels and vault maps discovered:
D:1:      minmay_arrival_solitary_statue, layout_loops_ring
D:2:      layout_loops_ring, basic_altar
D:3:      layout_loops_corners, mainiacjoe_overflow_alcove_4, serial_forest,
          infiniplex_forest_end_double, infiniplex_forest_lined_3,
          infiniplex_forest_clump_large, infiniplex_forest_clump_tiny,
          shapermc_ecumenical_altar_acropolis, hangedman_glass_teeth
D:4:      layout_basic, slow_altar_1, minmay_temple_entry_butterflies,
          nicolae_ossuary_entry_ruins
D:5:      layout_loops_cross, mainiacjoe_overflow_tiny_flanked, tso_metal_star
D:6:      layout_basic, mainiacjoe_overflow_surrounded_room, minmay_holes
D:7:      layout_rooms, nicolae_ru_awakened_eye, mainiacjoe_overflow_boulevard,
          general_overflow_altar, serial_shops, nicolae_take_the_stairs,
          minmay_ruined_shrine, uniq_pikel, uniq_duvessa
D:8:      layout_loops_ring, old_standard_altar, mainiacjoe_overflow_alcove_1,
          enter_bailey_2
D:9:      layout_long_grid, david_orc_1_choice, chequers_serial_rivers_marsh,
          uniq_harold
D:10:     layout_irregular_city, mainiacjoe_overflow_catwalk, erik_lair_island
D:11:     layout_grid_maze
Temple:   jpeg_temple_clearing
Lair:1:   layout_hall_layers, maelrawn_ghost_gauntlet_escape, grunt_megastairs_4
Lair:2:   layout_big_grid, infiniplex_staircase_pool, serial_bayou_shore_b,
          uniq_urug
Lair:3:   minmay_lair_oklob_chamber, layout_small_grid, minmay_swamp_entry_eels,
          spider_nest_entry_a
Lair:4:   onia_ninara_swampy_vault, layout_misc_corridors, beast_lair_carwin_4,
          grunt_megastairs_2
Lair:5:   gammafunk_lair_ancient_temple, layout_cave_pods,
          dpeg_slime_entry_corner
Swamp:1:  gammafunk_sealed_arena, layout_falls_marsh,
          evilmike_swamp_ruin_house_3, uniq_roxanne
Swamp:2:  nzn_winding_woodlands_cross
          [nzn_winding_woodlands_5x15_pathside_ponds,
          nzn_winding_woodlands_5x15_pockets,
          nzn_winding_woodlands_5x15_split_checker,
          nzn_winding_woodlands_5x15_garden,
          nzn_winding_woodlands_15x15_five_gardens], layout_basic_swamp,
          nicolae_swamp_godswood, hangedman_swamp_grove,
          infiniplex_staircase_pool_2, uniq_louise
Orc:1:    layout_diamond_mine, gammafunk_ghost_necromancy,
          nicolae_orc_tapped_out
Orc:2:    grunt_orc_tribal_feast, layout_caves, serial_shops, bzr_entry_islet,
          basic_altar, hellmonk_bongcloud_opening, elves_outpost_lemuel

Skill      XL: |  1  2  3  4  5  6  7  8  9 10 11 12 13 14 |
---------------+-------------------------------------------+-----
Dodging        | 1 3 |  3.5
Long Blades    | 2 |  2.2
Invocations    | 3 4 6 7 9 11 12 | 12.0
Armour         | 2 3 5 7 8 9 |  9.6
Unarmed Combat | 1 2 3 5 7 9 10 11 12 13 | 13.4
Fighting       | 4 5 6 7 9 10 11 12 13 | 13.0
Shields        | 1 4 6 7 8 |  8.1
Evocations     | 2 5 7 8 |  8.8

Action                   |  1- 3 |  4- 6 |  7- 9 | 10-12 | 13-15 || total
-------------------------+-------+-------+-------+-------+-------++-------
Melee: Falchion          |    73 |    50 |       |       |       ||   123
       Dagger            |    49 |    95 |       |       |       ||   144
       Unarmed           |    11 |   179 |   449 |   980 |   870 ||  2489
       Punch             |     1 |    10 |       |       |       ||    11
       Tailslap          |       |    24 |    74 |   199 |   170 ||   467
Throw: Dart              |     9 |     2 |       |       |       ||    11
Invok: Bend Space        |     1 |       |       |     1 |     7 ||     9
       Banish            |       |     4 |     5 |    14 |    19 ||    42
       Corrupt           |       |       |       |       |     1 ||     1
Evoke: Wand              |       |       |       |    12 |    12 ||    24
       Lightning rod     |       |       |       |       |     3 ||     3
  Use: Potion            |     6 |     5 |       |     7 |     9 ||    27
       Scroll            |       |    13 |     2 |     9 |     5 ||    29
 Stab: Invisible         |     1 |       |       |       |       ||     1
       Distracted        |       |       |       |     1 |       ||     1
Armor: Leather armour    |     6 |       |       |       |       ||     6
       Plate armour      |    80 |   204 |   218 |   392 |       ||   894
       Skin              |       |       |       |    17 |       ||    17
       Chain mail        |       |       |       |    11 |   282 ||   293
Dodge: Dodged            |    36 |    72 |   116 |   296 |   266 ||   786
Block: Other             |    32 |    76 |    19 |       |       ||   127
       Reflection        |     1 |       |     3 |    11 |    12 ||    27
       Buckler           |       |       |   218 |   590 |   498 ||  1306
